 Dungeon Crawl Stone Soup version 0.29.1-15-g9cfb28693d (webtiles) character file.

Game seed: 10133182432763560143

156 croobank the Sneak (level 5, -3/33 (37) HPs)
             Began as an Octopode Delver on Mar 13, 2023.
             Slain by Grinder (7 damage)
             ... on level 4 of the Dungeon.
             The game lasted 00:03:47 (1251 turns).

croobank the Sneak (Octopode Delver)                Turns: 1251, Time: 00:03:47

HP:   -3/33 (37)    AC:  1    Str: 12    XL:     5   Next: 38%
MP:   5/5           EV: 14    Int: 14    God:
Gold: 9             SH:  0    Dex: 13    Spells: 4/4 levels left

rFire   . . .      SeeInvis .   a - +0 hand axe
rCold   . . .      Faith    .   (no shield)
rNeg    . . .      Spirit   .   (helmet restricted)
rPois   .          Reflect  .   (no amulet)
rElec   .          Harm     .   (no ring)
rCorr   .          Rampage  .   (no ring)
Will    .....                   (no ring)
Stlth   +++++.....              (no ring)
HPRegen 0.11/turn               (no ring)
MPRegen 0.09/turn               (no ring)
                                (no ring)
                                (no ring)

@: hasted, heavily drained, very quick
A: almost no armour, amphibious, 8 rings, camouflage 1, gelatinous body 1,
(nimble swimmer 1), tentacles
a: no special abilities


You were on level 4 of the Dungeon.
You visited 1 branch of the dungeon, and saw 4 of its levels.

You collected 9 gold pieces.

Inventory:

Hand Weapons
 a - a +0 hand axe (weapon)
 d - a +1 dagger of draining
Wands
 f - a wand of digging (3)
Scrolls
 b - a scroll of fog


   Skills:
 + Level 3.9 Fighting
 + Level 3.1 Axes
 + Level 3.1 Dodging
 + Level 7.5 Stealth


You had 4 spell levels left.
You didn't know any spells.
Your spell library contained the following spells:

 Spells                   Type           Power      Damage    Failure   Level
 Necrotise                Necr           0%         1d4       28%         1
 Vampiric Draining        Necr           0%         2d6       65%         3
 Agony                    Necr           0%         N/A       100%        5


Dungeon Overview and Level Annotations

Branches:
Dungeon (7/15)             Temple (0/1) D:6

Altars:

Annotations:
D:4 Grinder
D:7 Prince Ribbit


Innate Abilities, Weirdness & Mutations

You cannot wear most types of armour.
You are amphibious.
You can wear up to eight rings at the same time.
Your skin changes colour to match your surroundings (Stealth+).
Your rubbery body absorbs attacks. (AC +1, EV +1)
((You are camouflaged when in or above water. (Stealth+)))
You have tentacles for arms and can constrict up to eight enemies at once.


Message History

Found a fizzy golden potion.
You see here a scroll labelled MYSIFI IFFYL.
The ball python hisses angrily.
The ball python attacks as you move away!
The ball python closely misses you.
You hit the ball python. Your grab misses the ball python.
The ball python is severely wounded.
The ball python barely misses you. The ball python grabs you.
The ball python constricts you.
You hit the ball python.
You kill the ball python!
A hobgoblin comes into view.
Found a scroll labelled DEIR KUUMMO.
An ufetubus comes into view. 2 ufetubi come into view.
Found a grey potion.
A ball python comes into view.
An endoplasm comes into view.
You start resting.
HP restored.
Grinder comes into view.
Grinder shouts!
Okay, then.
As you read the scroll labelled GALACS IXUOLOCS, it crumbles to dust.
It is a scroll of identify.
You don't have any unidentified items.
Grinder gestures at you.
You suddenly lose the ability to move!
Grinder hits you.
You writhe in agony.
Grinder hits you. Grinder hits you.
You writhe in agony.
You can move again.
Grinder attacks as you move away! Grinder hits you.
You writhe in agony.
* * * LOW HITPOINT WARNING * * *
You hit Grinder but do no damage. You grab Grinder. You constrict Grinder.
Grinder gestures at you. Pain shoots through your body!
* * * LOW HITPOINT WARNING * * *
You feel yourself speed up.
You constrict Grinder. Grinder hits you!
You die...

*,**,,,,,,,,,,..........##.#
*,**,,<,***,,,.......*#....#
*,*,,**,,,,,**...S...###..##
*,,,,,,,****##.**#..........
**,,***** #.J* ##.##.###..
*,****** #S#* #..#.#,,..
*,,,,,,* #.######...#,,5.
*****#.#####........##...⌠.
#....@5...####.......5
######S....#*##..#....
*#..#.#........####
*#..##..#####.....,,
#...*##...,,,......,
#.#.,,,..##**#######
*#.##⌠,,..# **,,,,
*.,**,,,P##*****,,***
*,,,,,,,,,,,,,,,,** *


You could see Grinder and a ball python.

Vanquished Creatures
  2 bullfrogs
  A gnoll (D:5)
  An adder (D:5)
  An orc (D:4)
  An endoplasm (D:5)
  A hobgoblin (D:4)
  2 ball pythons (D:4)
9 creatures vanquished.

Notes
Turn   | Place    | Note
-------+----------+-------------------------------------------
     0 | D:5      | croobank the Octopode Delver began the quest for the Orb.
     0 | D:5      | Reached XP level 1. HP: 16/16 MP: 1/1
    11 | D:6      | Found a staircase to the Ecumenical Temple.
    13 | D:6      | Noticed a hound
    24 | D:7      | Noticed a hound
    46 | D:7      | Noticed a bullfrog
    61 | D:7      | Killed a bullfrog
    62 | D:7      | Reached skill level 7 in Stealth
    62 | D:7      | Reached XP level 2. HP: 13/21 MP: 2/2
    62 | D:7      | Reached XP level 3. HP: 16/26 MP: 3/3
    62 | D:7      | Reached XP level 4. HP: 19/31 MP: 4/4
   550 | D:7      | Noticed Prince Ribbit
   551 | D:7      | Noticed a centaur
   567 | D:6      | Noticed a bullfrog
   576 | D:6      | Killed a bullfrog
   577 | D:6      | Reached XP level 5. HP: 23/37 MP: 5/5
   818 | D:5      | Noticed a centaur
  1241 | D:4      | Noticed Grinder
  1244 | D:4      | Paralysed by Grinder for 5 turns
  1251 | D:4      | Slain by Grinder

Illustrated notes

Levels and vault maps discovered:
D:4:      layout_rooms, serial_demonic, serial_demonic_d, serial_demonic_d,
          serial_demonic_e, serial_demonic_c, uniq_sigmund, uniq_grinder
D:5:      layout_layer_cave, grunt_temple_overflow_open, serial_shops, shop
D:6:      layout_basic, minmay_temple_entry_butterflies,
          hangedman_decor_growths, uniq_menkaure
D:7:      layout_cave_pools, enter_ossuary_4, chequers_serial_rivers_micro_b,
          minmay_diced_spiral, uniq_prince_ribbit1

Skill      XL: |  1  2  3  4 |
---------------+-------------+-----
Stealth        | 7 |  7.5
Axes           | 3 |  3.1
Dodging        | 3 |  3.1
Fighting       | |  3.9

Action                   |  1- 3 |  4- 6 || total
-------------------------+-------+-------++-------
Melee: Hand axe          |     4 |    24 ||    28
       Tentacles         |     2 |     2 ||     4
       Constrict         |     1 |     5 ||     6
  Use: Scroll            |       |     3 ||     3
       Potion            |       |     1 ||     1
 Stab: Distracted        |       |     1 ||     1
Armor: Skin              |     1 |     2 ||     3
Dodge: Dodged            |     4 |    25 ||    29
